 Dungeon Crawl Stone Soup version 0.30-a0-1053-gbd8d5ba0ad (webtiles) character file.

Game seed: 7318596676019210205

84 GigaChad the Shield-Bearer (level 4, -1/35 HPs)
             Began as a Formicid Fighter on Apr 12, 2023.
             Slain by Ijyb
             ... wielding a +0 club
              (3 damage)
             ... on level 4 of the Dungeon.
             The game lasted 00:03:40 (2113 turns).

GigaChad the Shield-Bearer (Formicid Fighter)       Turns: 2113, Time: 00:03:41

Health: -1/35      AC:  7    Str: 22    XL:     4   Next: 74%
Magic:  4/4        EV:  9    Int:  8    God:
Gold:   120        SH:  6    Dex: 13    Spells: 3/3 levels left

rFire   . . .      SeeInvis +    a - +0 war axe
rCold   . . .      Faith    .    c - +1 buckler
rNeg    . . .      Spirit   .    b - +0 scale mail
rPois   .          Reflect  .    (helmet unavailable)
rElec   .          Rampage  .    (no cloak)
rCorr   .                        (no gloves)
Will    .....                    (no boots) Stlth
                                 (no amulet)
HPRegen 0.25/turn                (no ring)
MPRegen 0.09/turn                (no ring)

@: no status effects
A: permanent stasis, dig shafts and tunnels, antennae 3, four strong arms
a: Dig, Shaft Self


You were on level 4 of the Dungeon.
You visited 1 branch of the dungeon, and saw 4 of its levels.

You collected 120 gold pieces.

Inventory:

Hand Weapons
 a - a +0 war axe (weapon)
Armour
 b - a +0 scale mail (worn)
 c - a +1 buckler (worn)
Jewellery
 m - a ring of wizardry
Scrolls
 g - 4 scrolls of teleportation
 i - a scroll of amnesia {unknown}
 j - a scroll of fog {unknown}
 k - a scroll of blinking {unknown}
 l - a scroll of vulnerability {unknown}
Potions
 d - 2 potions of might
 e - a potion of curing {unknown}
 f - 2 potions of flight {unknown}
 h - a potion of lignification {unknown}
 n - a potion of degeneration {unknown}


   Skills:
 + Level 3.5 Fighting
 + Level 3.0 Axes
 + Level 4.2 Armour
 + Level 0.2 Stealth
 + Level 4.7 Shields


You had 3 spell levels left.
You didn't know any spells.
Your spell library contained the following spells:

 Spells                   Type           Power      Damage    Failure   Level
 Magic Dart               Conj           0%         1d3       80%         1
 Lesser Beckoning         Tloc           0%         N/A       90%         2
 Momentum Strike          Conj/Tloc      0%         3d8       90%         2
 Searing Ray              Conj           0%         2d4       90%         2
 Sublimation of Blood     Necr           0%         N/A       90%         2
 Wereblood                Tmut           0%         N/A       90%         2
 Fulminant Prism          Conj/Hex       0%         3d5       100%        4
 Summon Hydra             Summ           0%         N/A       100%        7
 Blink                    Tloc           Unusable   N/A       N/A         2

Dungeon Overview and Level Annotations

Branches:
Dungeon (4/15)
 Temple: D:4-7

Altars:

Shops:
D:2 !

Annotations:
D:4 Ijyb


Innate Abilities, Weirdness & Mutations

You cannot be hasted, slowed, berserked, paralysed or teleported.
You can dig through walls and to a lower floor.
You have a pair of large antennae on your head. (SInv)
Your four strong arms can wield two-handed weapons with a shield.


Message History

Found a stone staircase leading down.
Found a mace.
You see here a +0 mace.
A hobgoblin comes into view.
The hobgoblin shouts!
A hobgoblin is nearby!
A hobgoblin is nearby!
Found 8 gold pieces.
You block the hobgoblin's attack.
You hit the hobgoblin.
You kill the hobgoblin!
No target in view!
No target in view!
You now have 120 gold pieces (gained 8).
g - 4 scrolls of teleportation (gained 1) Ijyb the Twisted Goblin comes into view.
She is wielding a +0 club and carrying a wand of mindburst (8).
Ijyb shouts!
Ijyb zaps a wand.
You barely resist.
Ijyb zaps a wand.
Your mind is blasted!
Ijyb is nearby!
Found a yellow potion.
Ijyb is nearby!
Ijyb zaps a wand.
Your mind is blasted!
Found a stone staircase leading down.
You barely miss Ijyb. Ijyb hits you but does no damage.
Ijyb zaps a wand.
Your mind is blasted!
Ouch! That really hurt!
* * * LOW HITPOINT WARNING * * *
You are too injured to fight recklessly!
You are too injured to fight recklessly!
You are too injured to fight recklessly!
You are too injured to fight recklessly!
You are too injured to fight recklessly!
You are too injured to fight recklessly!
You are too injured to fight recklessly!
You are too injured to fight recklessly!
Unknown command.
You slash Ijyb!
Ijyb is moderately wounded.
Ijyb hits you with a +0 club.
You die...

##....... .. ...
###.......# #.. #..
......!... ... #..
##....... ..# #..
##.......# #.# #..
.........# #.# #..
.........#####.## #..
......g@........######..
.......#.#####.#........
.......#.# #.###.......
.........#####.#........
.......#........######..
....>.....####### #..
.#####.##.# #.. #. .#
#.. ######..


You could see Ijyb.

Vanquished Creatures
  3 adders
  2 dart slugs
  3 orcs (D:2)
  An endoplasm (D:2)
  4 giant cockroaches
  7 goblins
  7 hobgoblins
  A quokka (D:2)
  6 ball pythons
  6 bats
  2 frilled lizards (D:2)
  4 kobolds
  2 rats (D:2)
48 creatures vanquished.

Notes
Turn   | Place    | Note
-------+----------+-------------------------------------------
     0 | D:1      | GigaChad the Formicid Fighter began the quest for the Orb.
     0 | D:1      | Reached XP level 1. HP: 18/18 MP: 1/1
   140 | D:1      | Found a faded altar of an unknown god.
   197 | D:1      | Reached XP level 2. HP: 24/24 MP: 2/2
   651 | D:2      | Reached XP level 3. HP: 29/29 MP: 3/3
   792 | D:2      | Found Ehy Jau's Distillery.
   891 | D:2      | Reached XP level 4. HP: 35/35 MP: 4/4
  2107 | D:4      | Noticed Ijyb
  2113 | D:4      | Slain by Ijyb

Illustrated notes

Levels and vault maps discovered:
D:1:      minmay_arrival_hallway, layout_basic, ebering_ecumenical_altar_box
D:2:      layout_basic, serial_shops, nicolae_lakefront_shop, minivault_23,
          minmay_misc_feat_nine_boxes, guppyfry_early_orc_mine
D:3:      layout_basic
D:4:      layout_loops_cross, gammafunk_ghost_grave, uniq_ijyb

Skill      XL: |  1  2  3  4 |
---------------+-------------+-----
Armour         | 4 |  4.2
Axes           | 3 |  3.0
Fighting       | |  3.5
Stealth        | |  0.2
Shields        | |  4.7

Action                     |  1- 3 |  4- 6 || total
---------------------------+-------+-------++-------
  Melee: War axe           |    67 |    45 ||   112
    Use: Scroll            |     3 |       ||     3
 Armour: Scale mail        |    39 |    14 ||    53
  Dodge: Dodged            |    39 |    15 ||    54
  Block: Buckler           |    17 |    18 ||    35

Table legend: (Time is in decaauts)
 A = Elapsed time spent in this place.
 B = Non-inter-level travel time spent in this place.
 C = Inter-level travel time spent in this place.
 D = Time resting spent in this place.
 E = Time spent auto-exploring this place.
 F = Levels seen in this place.
 G = Mean time per level.
                   A        B        C        D        E       F      G
               +--------+--------+--------+--------+--------+-----+--------+
         Total |   2157 |   2104 |     53 |      0 |   1415 |   4 |  539.2 |
       Dungeon |   2157 |   2104 |     53 |      0 |   1415 |   4 |  539.2 |
               +--------+--------+--------+--------+--------+-----+--------+

Top non-repeatable levels by time:
     D:3: 784 daAuts
     D:1: 638 daAuts
     D:2: 588 daAuts
     D:4: 147 daAuts
